 Dungeon Crawl Stone Soup version 0.22-a0-521-gb1378044ac (webtiles) character file.

101 D1HalberdGnoll the Conjurer (level 4, -3/26 HPs)
             Began as a Tengu Conjurer on June 20, 2018.
             Slain by an adder (4 damage)
             ... in a sewer.
             The game lasted 00:04:24 (2737 turns).

D1HalberdGnoll the Conjurer (Tengu Conjurer)        Turns: 2737, Time: 00:04:25

Health: -3/26      AC:  4    Str:  8    XL:     4   Next: 75%
Magic:  0/8        EV: 12    Int: 16    God:
Gold:   204        SH:  0    Dex: 15    Spells: 5/8 levels left

rFire    + . .     SeeInvis .   k - +0 quarterstaff
rCold    . . .     Gourm    .   (shield currently unavailable)
rNeg     . . .     Faith    .   g - +0 leather armour
rPois    .         Spirit   .   (helmet restricted)
rElec    .         Reflect  .   a - +0 cloak
rCorr    .         Harm     .   (no gloves)
MR       .....                  (boots unavailable)
Stlth    ++........             (no amulet)
HPRegen  0.08/turn              j - ring of protection from fire
MPRegen  0.11/turn              (no ring)

@: lethally poisoned (-3 -> -6)
A: beak, talons 3
a: no special abilities


You were in a sewer.
You were not hungry.

You visited 1 branch of the dungeon, and saw 3 of its levels.
You also visited: Sewer.

You collected 204 gold pieces.

Inventory:

Hand Weapons
 k - a +0 quarterstaff (weapon)
Armour
 a - a +0 cloak (worn)
 g - a +0 leather armour (worn)
Jewellery
 j - a ring of protection from fire (left hand)
Scrolls
 b - a scroll of enchant weapon {unknown}
 e - a scroll of enchant armour {unknown}
 f - a scroll of immolation {unknown}
 h - 3 scrolls of identify {unknown}
 l - a scroll of fear {unknown}
Comestibles
 c - 3 rations
 d - 2 chunks of flesh


   Skills:
 + Level 1.6 Fighting
 + Level 3.0 Dodging
 - Level 2.0 Stealth
 + Level 2.6 Spellcasting
 * Level 6.4 Conjurations


You had 5 spell levels left.
You knew the following spells:

 Your Spells              Type           Power        Failure   Level  Hunger
a - Magic Dart            Conj           ###.         1%          1    #......
b - Searing Ray           Conj           ###...       3%          2    ##.....

Your spell library contained the following spells:

 Spells                   Type           Power        Failure   Level  Hunger
 Iskenderun's Mystic Bla  Conj           ###.....     21%         4    #####..
 Fulminant Prism          Conj/Hex       ##........   58%         4    #####..
 Dazzling Spray           Conj/Hex       ##....       22%         3    ###....
 Force Lance              Conj/Tloc      ##......     58%         4    #####..


Dungeon Overview and Level Annotations

Branches:
Dungeon (3/15)

Altars:
Yredelemnul


Innate Abilities, Weirdness & Mutations

You have a beak for a mouth.
You have claws for feet.


Message History

You are poisoned.
The adder poisons you!
Casting: Magic Dart (safe; 1% risk of failure)
Confirm with . or Enter, or press ? or * to list all spells.
Aiming: Magic Dart (safe; 1% risk of failure)
Press: ? - help, Shift-Dir - straight line, f - adder
Aim: an adder (moderately wounded)
The magic dart hits the adder.
The adder is heavily wounded.
* * * LOW HITPOINT WARNING * * *
You feel sick. The adder barely misses you.
You aren't carrying any potions.
Unknown command.
Okay, then.
You hit the adder. Your kick misses the adder.
The adder is severely wounded.
The adder bites you.
* * * LOW HITPOINT WARNING * * *
The adder bites you.
You die...

####### #≈≈≈≈≈#####
#### #≈@S≈.≈≈.≈≈
####.≈∩
#≈≈†#########≈...≈#
#≈≈≈≈≈†≈≈≈≈≈..∩.###
#.≈.≈.≈.≈.≈.#####
#############


You could see an adder.

Vanquished Creatures
  2 adders
  A river rat (D:2)
  An ooze (Sewer)
  3 worms
  A dart slug (D:2)
  4 leopard geckos
  4 bats
  5 giant cockroaches
  5 goblins
  4 hobgoblins
  3 jackals (D:1)
  3 ball pythons
  3 frilled lizards
  10 kobolds
  8 rats
57 creatures vanquished.

Notes
Turn   | Place    | Note
-------+----------+-------------------------------------------
     0 | D:1      | D1HalberdGnoll the Tengu Conjurer began the quest for the Orb.
     0 | D:1      | Reached XP level 1. HP: 10/10 MP: 4/4
   108 | D:1      | Reached XP level 2. HP: 16/16 MP: 3/6
   336 | D:1      | Learned a level 2 spell: Searing Ray
   824 | D:2      | Reached XP level 3. HP: 20/20 MP: 4/7
   892 | D:2      | Found a basalt altar of Yredelemnul.
  1037 | D:2      | Reached skill level 1 in Fighting
  1235 | D:2      | Reached skill level 6 in Conjurations
  2039 | D:2      | Reached XP level 4. HP: 25/25 MP: 2/8
  2588 | D:3      | Found a glowing drain.
  2603 | Sewer    | Entered a sewer
  2737 | Sewer    | HP: 1/26 [adder (3)]
  2737 | Sewer    | Slain by an adder

Vault maps used:
D:1:      erik_arrival_blinker_ship, minmay_tetromino_i4
D:2:      nicolae_overflow_crystal_walls
D:3:      marbit_many_paths, portal_sewer_entry_a, first_ration
Sewer:    sewer_frog_island_02

Skill      XL: |  1  2  3  4 |
---------------+-------------+-----
Fighting       | 1 |  1.6
Conjurations   | 6 |  6.4
Dodging        | 3 |  3.0
Stealth        | |  2.0
Spellcasting   | |  2.6

Action                   |  1- 3 |  4- 6 || total
-------------------------+-------+-------++-------
Melee: Unarmed           |     2 |       ||     2
       Club              |     2 |       ||     2
       Quarterstaff      |     1 |    10 ||    11
       Peck              |       |     1 ||     1
 Cast: Magic Dart        |    75 |    25 ||   100
       Searing Ray       |     5 |     6 ||    11
  Use: Potion            |       |     2 ||     2
  Eat: Chunk             |     5 |       ||     5
       Ration            |       |     1 ||     1
Armor: Leather armour    |     1 |     6 ||     7
Dodge: Dodged            |    13 |    26 ||    39

Table legend:
 A = Spawn XP
 B = Non-spawn XP
 C = Spawn XP percentage of total XP
 D = Spawn monster count
 E = Non-spawn monster count
 F = Spawn count percentage of total count
 G = Total turns spent on level
                    A         B        C        D         E        F      G
               +---------+---------+-------+---------+---------+-------+---------
         Total |       0 |     145 |   0.0 |       0 |      57 |   0.0 |  2737
               +---------+---------+-------+---------+---------+-------+---------
           D:1 |       0 |      30 |   0.0 |       0 |      18 |   0.0 |   887
           D:2 |       0 |      80 |   0.0 |       0 |      30 |   0.0 |  1634
           D:3 |       0 |       8 |   0.0 |       0 |       3 |   0.0 |    82
         Sewer |       0 |      27 |   0.0 |       0 |       6 |   0.0 |   134
               +---------+---------+-------+---------+---------+-------+---------
